 Dungeon Crawl Stone Soup version 0.22.1-6-g1668fe2c40 (webtiles) character file.

137 Kohma the Grave Robber (level 5, -1/37 HPs)
             Began as a Demonspawn Necromancer on Jan 26, 2019.
             Slain by an orc
             ... wielding a +0 flail
              (4 damage)
             ... on level 3 of the Dungeon.
             The game lasted 00:13:39 (3844 turns).

Kohma the Grave Robber (Demonspawn Necromancer)     Turns: 3844, Time: 00:13:39

Health: -1/37      AC:  2    Str:  9    XL:     5   Next: 0%
Magic:  0/8        EV: 12    Int: 16    God:
Gold:   92         SH:  0    Dex: 14    Spells: 3/8 levels left

rFire    . . .     SeeInvis .   (no weapon)
rCold    + . .     Gourm    .   (no shield)
rNeg     . . .     Faith    .   a - +0 robe
rPois    .         Spirit   .   (no helmet)
rElec    .         Reflect  .   (no cloak)
rCorr    .         Harm     .   (no gloves)
MR       .....                  (no boots)
Stlth    ++........             (no amulet)
HPRegen  0.12/turn              (no ring)
MPRegen  0.11/turn              (no ring)

@: no status effects
A: claws 1, cold resistance 1, rot immunity
a: no special abilities


You were on level 3 of the Dungeon.
You were not hungry.

You visited 1 branch of the dungeon, and saw 3 of its levels.

You collected 92 gold pieces.

Inventory:

Hand Weapons
 n - a +0 mace
 q - a +0 whip
 s - a +0 vampiric whip
Missiles
 b - 71 sling bullets
 e - 27 stones (quivered)
Armour
 a - a +0 robe (worn)
 k - a +0 leather armour
Wands
 o - a wand of acid (9)
Scrolls
 f - 5 scrolls of identify {unknown}
 i - a scroll of blinking {unknown}
 l - 3 scrolls of teleportation {unknown}
 r - a scroll of noise {unknown}
Potions
 d - 2 potions of heal wounds {unknown}
 g - a potion of degeneration {unknown}
 h - a potion of might {unknown}
 j - a potion of invisibility {unknown}
 m - a potion of resistance {unknown}
 p - a potion of berserk rage {unknown}
Comestibles
 c - a chunk of flesh


   Skills:
 + Level 1.4 Fighting
 * Level 1.2 Maces & Flails
 - Level 1.7 Dodging
 - Level 1.7 Stealth
 + Level 2.4 Spellcasting
 - Level 6.1 Necromancy


You had 3 spell levels left.
You knew the following spells:

 Your Spells              Type           Power        Failure   Level  Hunger
a - Pain                  Necr           ###.         1%          1    #......
b - Animate Skeleton      Necr           N/A          1%          1    #......
c - Vampiric Draining     Necr           ###.......   4%          3    ###....

Your spell library contained the following spells:

 Spells                   Type           Power        Failure   Level  Hunger
 Regeneration             Chrm/Necr      ##........   17%         3    ###....
 Animate Dead             Necr           N/A          16%         4    #####..


Dungeon Overview and Level Annotations

Branches:
Dungeon (3/15)

Altars:
Ru
Yredelemnul


Innate Abilities, Weirdness & Mutations

You have sharp fingernails.
Your flesh is cold resistant. (rC+)
You are immune to rotting.


Message History

Okay, then.
Okay, then.
You scratch the orc but do no damage. The orc hits you with a flail.
* * * LOW HITPOINT WARNING * * *
You scratch the orc but do no damage.
An orc priest comes into view. It is wielding a hand axe.
Casting: Pain (safe; 1% risk of failure)
Confirm with . or Enter, or press ? or * to list all spells.
Aiming: Pain (safe; 1% risk of failure)
Press: ? - help, Shift-Dir - straight line, f - orc priest, p - orc
Aim: an orc priest, wielding a hand axe and wearing a ring mail (chance to The orc priest writhes in agony!
The orc misses you.
The orc priest hits you with a hand axe.
* * * LOW HITPOINT WARNING * * *
Things that are here:
a trident; a scale mail; an orc corpse You scratch the orc priest but do no damage.
The orc priest is moderately wounded.
The orc hits you with a flail.
You die...

..# ...
... ###
#.# #.#
#.# #.#
#.#
#######.#
#.o@o...#
#%#######
#


You could see an orc priest and an orc.

Vanquished Creatures
  An orc priest (D:3)
  3 adders (D:2)
  3 worms (D:2)
  A dart slug (D:1)
  2 leopard geckos
  An orc (D:3)
  5 giant cockroaches
  2 goblins (D:2)
  14 hobgoblins
  6 kobolds
  A ball python (D:1)
  6 bats
  3 frilled lizards
  9 rats
57 creatures vanquished.

Vanquished Creatures (collateral kills)
  An adder (D:2)
  A kobold (D:2)
2 creatures vanquished.

Grand Total: 59 creatures vanquished

Notes
Turn   | Place    | Note
-------+----------+-------------------------------------------
     0 | D:1      | Kohma the Demonspawn Necromancer began the quest for the
                  | Orb.
     0 | D:1      | Reached XP level 1. HP: 13/13 MP: 3/3
     3 | D:1      | Learned a level 1 spell: Animate Skeleton
   575 | D:1      | Gained mutation: You have sharp fingernails. [demonic
                  | ancestry]
   575 | D:1      | Reached XP level 2. HP: 19/19 MP: 1/5
   622 | D:1      | Reached skill level 5 in Necromancy
  1353 | D:2      | Gained mutation: You are immune to rotting. [demonic
                  | ancestry]
  1353 | D:2      | Reached XP level 3. HP: 19/24 MP: 1/6
  1850 | D:2      | Reached skill level 6 in Necromancy
  2090 | D:2      | Gained mutation: Your flesh is cold resistant. (rC+)
                  | [demonic ancestry]
  2090 | D:2      | Reached XP level 4. HP: 2/31 MP: 1/7
  2761 | D:2      | Learned a level 3 spell: Vampiric Draining
  2976 | D:2      | Reached skill level 1 in Fighting
  3039 | D:2      | Found a sacrificial altar of Ru.
  3208 | D:2      | Found a basalt altar of Yredelemnul.
  3837 | D:3      | Reached skill level 1 in Maces & Flails
  3837 | D:3      | Reached XP level 5. HP: 11/37 MP: 0/8
  3844 | D:3      | Slain by an orc

Skill      XL: |  1  2  3  4 |
---------------+-------------+-----
Necromancy     | 5 6 |  6.1
Fighting       | 1 |  1.4
Maces & Flails | 1 |  1.2
Dodging        | |  1.7
Stealth        | |  1.7
Spellcasting   | |  2.4

Action                   |  1- 3 |  4- 6 || total
-------------------------+-------+-------++-------
Melee: Unarmed           |    38 |    37 ||    75
 Cast: Pain              |    82 |    27 ||   109
       Animate Skeleton  |     2 |     2 ||     4
       Vampiric Draining |       |     5 ||     5
Evoke: Wand              |       |     1 ||     1
 Stab: Sleeping          |       |     1 ||     1
  Eat: Chunk             |     5 |     3 ||     8
       Ration            |       |     1 ||     1
Armor: Robe              |    18 |     1 ||    19
Dodge: Dodged            |    67 |    33 ||   100
